Map: Moondance

Players

Nice - Winner!

  • Race: Protoss Protoss
  • League: Diamond
  • Spawn Location: 12:00

ForJumY

  • Race: Protoss Protoss
  • League: Grandmaster
  • Spawn Location: 6:00

Event: HomeStory Cup XXII

VOD

Have the link to the VOD?

Description

Time

  • Played on: Dec. 15, 2022, 8:10 a.m.
  • Length: 2:37

All games in this series

Show
View Real Time Build Order
Export as new Build Order

Nice Protoss - Winner!

Build Orders:  

Get SALT Encoding   

  12  0:00  Probe  
  13  0:12  Probe  
  14  0:18  Pylon  
  14  0:24  Probe (Chrono Boost)  
  15  0:38  Probe (Chrono Boost)  
  15  0:42  Gateway  
  16  0:43  Probe (Chrono Boost)  
  17  0:57  Gateway  
  17  1:04  Probe  
  18  1:16  Gateway, Probe  
  19  1:25  Pylon  
  19  1:28  Probe  
  20  1:38  Gateway  
  20  1:40  Probe  
  20  1:42  Zealot (Chrono Boost)  
  23  1:52  Probe  
  24  2:01  Zealot (Chrono Boost)  
Show
View Real Time Build Order
Export as new Build Order

ForJumY Protoss 

Build Orders:  

Get SALT Encoding   

  12  0:01  Probe  
  13  0:13  Probe  
  14  0:25  Pylon  
  14  0:26  Probe  
  15  0:43  Forge  
  15  0:54  Pylon  
  15  1:05  Pylon  
  15  1:06  Pylon  
  15  1:07  Pylon  
  15  1:10  Pylon  
  15  1:15  Pylon  
  15  1:17  Pylon  
  15  1:29  Pylon  
  15  1:31  Pylon  
  15  1:32  Pylon x2  
  15  1:36  Pylon  
  14  1:45  Probe  
  15  1:53  Photon Cannon  
  15  1:54  Photon Cannon  
  14  2:06  Photon Cannon  
  14  2:08  Pylon  
  14  2:12  Photon Cannon  
  14  2:22  Photon Cannon  
  13  2:27  Photon Cannon  
  13  2:31  Pylon  
  13  2:32  Pylon  
Tags
 
Add a new tag
Caveats
  • Supply blocks, unpowered buildings, or Contaminate may cause inaccurate times.
  • Supply counts are checked every 10 seconds.